 Dungeon Crawl Stone Soup version 0.28-a0-589-g333b8329f1 (webtiles) character file.

Game seed: 10675231315443175060

256 Shard1697 the Magician (level 6, 0/42 HPs)
             Began as a Djinni Ice Elementalist on Oct 4, 2021.
             Slain by a phantom (9 damage)
             ... on level 3 of the Dungeon.
             The game lasted 00:07:16 (3793 turns).

Shard1697 the Magician (Djinni Ice Elementalist)    Turns: 3793, Time: 00:07:16

Health: 0/42       AC:  2    Str:  7    XL:     6   Next: 38%
Gold:   128        EV: 12    Int: 22    God:
                   SH:  0    Dex: 14

rFire   + + +      SeeInvis .   a - +0 whip
rCold   x . .      Faith    .   (no shield)
rNeg    . . .      Spirit   .   d - +0 robe
rPois   ∞          Reflect  .   (no helmet)
rElec   .          Harm     .   (no cloak)
rCorr   .          Rampage  .   (no gloves)
Will    .....                   (boots unavailable)
Stlth   ++........              (no amulet)
HPRegen 0.14/turn               (no ring)
MPRegen 0.00/turn               (no ring)

@: flying
A: sickness immunity, fire resistance 3, cold vulnerability 1, float, innate
caster, hp casting, extra vitality 1, clever 2
a: no special abilities


You were on level 3 of the Dungeon.
You visited 1 branch of the dungeon, and saw 4 of its levels.

You collected 128 gold pieces.

Inventory:

Hand Weapons
 a - a +0 whip (weapon)
Missiles
 e - 31 poisoned darts
Armour
 d - a +0 robe (worn)
 o - a +0 ring mail of willpower
Jewellery
 h - an amulet of regeneration
Scrolls
 b - 2 scrolls of teleportation {unknown}
 f - a scroll of enchant weapon {unknown}
 g - 2 scrolls of identify {unknown}
 j - a scroll of magic mapping {unknown}
 l - a scroll of noise {unknown}
 m - a scroll of enchant armour {unknown}
 p - a scroll of torment {unknown}
Potions
 i - a potion of attraction


   Skills:
 + Level 1.5 Fighting
 - Level 2.1 Dodging
 - Level 1.5 Stealth
 * Level 5.4 Spellcasting


You had one spell level left.
You knew the following spells:

 Your Spells              Type           Power      Damage    Failure   Level
a - Freeze                Ice            100%       1d11      1%          1
b - Frozen Ramparts       Ice            60%        1d8       3%          3
c - Ozocubu's Armour      Ice            30%        N/A       3%          3
d - Hailstorm             Conj/Ice       30%        3d8       10%         4
e - Foxfire               Conj/Fire      100%       2x1d9     1%          1
f - Wereblood             Tmut           30%        N/A       1%          2
Your spell library was empty.

Dungeon Overview and Level Annotations

Branches:
Dungeon (4/15)
 Temple: D:4-7

Altars:


Innate Abilities, Weirdness & Mutations

You are immune to sickness and miasma.
You are immune to poison.
Your flesh is almost immune to the effects of heat. (rF+++)
You are vulnerable to cold. (rC-)
You float through the air rather than walking.
You learn spells naturally, not from books.
Your magical power is your life essence.
You have superior vitality. (+4 HP)
Your mind is very acute. (Int +4)


Message History

Confirm with . or Enter, or press ? or * to list all spells.
Okay, then.
Casting: Ozocubu's Armour (dangerous; 3% risk of failure)
Confirm with . or Enter, or press ? or * to list all spells.
You conjure some foxfire!
The phantom hits you!
Casting: Foxfire (safe; 1% risk of failure)
Confirm with . or Enter, or press ? or * to list all spells.
You conjure some foxfire!
The phantom hits you!
The phantom blinks!
You blink.
The foxfire hits the phantom!
The phantom is moderately damaged.
The foxfire hits the phantom.
The phantom is moderately damaged.
The foxfire hits the phantom!
The phantom is heavily damaged.
The foxfire hits the phantom.
The phantom is severely damaged.
There is a stone staircase leading up here.
A worm comes into view.
Casting: Foxfire (safe; 1% risk of failure)
Confirm with . or Enter, or press ? or * to list all spells.
You conjure some foxfire!
The phantom hits you.
Your foxfire dissipates!
The foxfire hits the phantom.
The phantom is severely damaged.
The phantom hits you!
* * * LOW HITPOINT WARNING * * *
Casting: Foxfire (safe; 1% risk of failure)
Confirm with . or Enter, or press ? or * to list all spells.
You conjure some foxfire!
* * * LOW HITPOINT WARNING * * *
The phantom closely misses you.
Your foxfire dissipates!
The foxfire hits the phantom!
The phantom is almost destroyed.
Casting: Foxfire (safe; 1% risk of failure)
Confirm with . or Enter, or press ? or * to list all spells.
You conjure some foxfire!
* * * LOW HITPOINT WARNING * * *
The phantom hits you!
You die...

#.#.#######....#
#.....# #.####
###.#.# #.# #.#.#
#.# #.#.# #.#
#.#.#####.#####
#.#.......>...#
#.#v.####.###.#
#.#@§# #.# #.#
#.#Wv# #.# #.######
#.#..## #.# #.##....
#.....# #.###.##.###
###...###...>....#
#.w.##...##.####
#...#.....#.## #
##...)(.......#####
##.#...).....#....).


You could see a phantom (ally target) and a worm.

Vanquished Creatures
  2 ogres
  4 adders
  3 worms
  A dart slug (D:1)
  5 orcs (D:3)
  2 endoplasms
  3 goblins (D:3)
  A hobgoblin (D:3)
  4 jackals (D:1)
  2 quokkas
  5 ball pythons
  2 frilled lizards (D:2)
  6 kobolds
  4 rats
44 creatures vanquished.

Vanquished Creatures (others)
  51 foxfires
51 creatures vanquished.

Grand Total: 95 creatures vanquished

Notes
Turn   | Place    | Note
-------+----------+-------------------------------------------
     0 | D:1      | Shard1697 the Djinni Ice Elementalist began the quest for
                  | the Orb.
     0 | D:1      | Reached XP level 1. HP: 15/15 MP: 0/0
   576 | D:1      | Reached XP level 2. HP: 15/21 MP: 0/0
  1279 | D:2      | Found a faded altar of an unknown god.
  1385 | D:2      | Reached XP level 3. HP: 21/25 MP: 0/0
  1385 | D:2      | Learned a level 1 spell: Foxfire
  1681 | D:2      | Reached skill level 4 in Spellcasting
  1807 | D:2      | Noticed an ogre
  1853 | D:2      | Killed an ogre
  1854 | D:2      | Reached XP level 4. HP: 24/31 MP: 0/0
  1854 | D:2      | Reached XP level 5. HP: 27/35 MP: 0/0
  1854 | D:2      | Learned a level 2 spell: Wereblood
  2171 | D:2      | Reached skill level 5 in Spellcasting
  3346 | D:3      | Noticed an ogre
  3353 | D:3      | Killed an ogre
  3354 | D:3      | Reached skill level 1 in Fighting
  3354 | D:3      | Reached XP level 6. HP: 26/42 MP: 0/0
  3764 | D:3      | Gained mutation: Your mind is acute. (Int +2) [potion of
                  | mutation]
  3764 | D:3      | Gained mutation: Your flesh is almost immune to the effects
                  | of heat. (rF+++) [potion of mutation]
  3764 | D:3      | Gained mutation: Your mind is very acute. (Int +4) [potion
                  | of mutation]
  3793 | D:3      | Slain by a phantom

Illustrated notes

Levels and vault maps discovered:
D:1:      dpeg_arrival_pond, layout_loops_corners
D:2:      layout_basic, hellmonk_ecumenical_altar_blasted, grunt_decor_junction,
          wad_floor_pattern_untrapped, eino_tiny_chamber, serial_bayou_pond_c
D:3:      layout_loops_ring
D:4:      layout_basic, minmay_temple_entry_statues_fountains,
          gammafunk_ghost_mausoleum

Skill      XL: |  1  2  3  4  5 |
---------------+----------------+-----
Spellcasting   | 4 5 |  5.4
Fighting       | 1 |  1.5
Dodging        | |  2.1
Stealth        | |  1.5

Action                   |  1- 3 |  4- 6 || total
-------------------------+-------+-------++-------
Melee: Dagger            |     3 |       ||     3
       Whip              |     1 |    39 ||    40
 Cast: Freeze            |    34 |    18 ||    52
       Foxfire           |     6 |    25 ||    31
       Frozen Ramparts   |       |     1 ||     1
       Ozocubu's Armour  |       |     1 ||     1
  Use: Potion            |       |     5 ||     5
 Stab: Sleeping          |       |     2 ||     2
Armor: Robe              |     6 |    10 ||    16
Dodge: Dodged            |    14 |    29 ||    43

Table legend: (Time is in decaauts)
 A = Elapsed time spent in this place.
 B = Non-inter-level travel time spent in this place.
 C = Inter-level travel time spent in this place.
 D = Time resting spent in this place.
 E = Time spent auto-exploring this place.
 F = Levels seen in this place.
 G = Mean time per level.
                   A        B        C        D        E       F      G
               +--------+--------+--------+--------+--------+-----+--------+
         Total |   3795 |   3756 |     39 |   1070 |   2112 |   4 |  948.8 |
       Dungeon |   3795 |   3756 |     39 |   1070 |   2112 |   4 |  948.8 |
               +--------+--------+--------+--------+--------+-----+--------+

Top non-repeatable levels by time:
     D:3: 1286 daAuts
     D:1: 1277 daAuts
     D:2: 1174 daAuts
     D:4: 57 daAuts
